 Dungeon Crawl Stone Soup version 0.19.0-16-g73b5abf (console) character file.

23373 Gottschkopf the Blocker (level 12, -5/113 HPs)
             Began as a Minotaur Fighter on Nov 10, 2016.
             Was an Elder of Ashenzari.
             Slain by an enormous slime creature (43 damage)
             ... on level 13 of the Dungeon on Nov 11, 2016.
             The game lasted 00:49:14 (12103 turns).

Gottschkopf the Blocker (Minotaur Fighter)         Turns: 12103, Time: 00:49:14

Health: -5/113     AC: 36    Str: 33    XL:     12   Next: 71%
Magic:  11/11      EV: 11    Int:  7    God:    Ashenzari [****..]
Gold:   743        SH: 15    Dex: 13    Spells: 0 memorised, 11 levels left

rFire  + . .     SeeInvis +     u - +4 rapier {protect, *Slow rC++ Str+8 Stlth+} (curse)
rCold  + + +     Gourm    .     I - +0 gold dragon scales (curse)
rNeg   . . .     Faith    +     c - +0 shield (curse)
rPois  +         Spirit   .     (helmet restricted)
rElec  .         Reflect  .     v - +0 cloak
rCorr  .         Harm     .     (no gloves)
MR     .....     Clarity  +     x - +0 pair of boots
Stlth  .......... Rnd*Tele +    O - amulet of faith
                                N - +6 ring of protection
                                s - ring of teleportation (curse)

@: protection aura
A: retaliatory headbutt, horns 2, thin metallic scales 1, agile 1, clever 1,
wild magic 1
a: Curse Item, Scrying, Renounce Religion


You were on level 13 of the Dungeon.
You worshipped Ashenzari.
Ashenzari was greatly pleased with you.
You were not hungry.

You visited 2 branches of the dungeon, and saw 14 of its levels.
You also visited: Labyrinth.

You collected 743 gold pieces.

Inventory:

Hand Weapons
 u - the cursed +4 rapier "Paf Ijeps" (weapon) {protect, *Slow rC++ Str+8 Stlth+}
   (You found it on level 4 of the Dungeon)

   It protects the one who uses it against injury (+AC on strike).
   It affects your strength (+8).
   It greatly protects you from cold.
   It may slow you when you take damage.
   It makes you more stealthy.
   It has a curse placed upon it.
Missiles
 C - 10 poisoned needles
Armour
 c - a cursed +0 shield (worn)
 r - a +0 scale mail of positive energy
 v - a +0 cloak (worn)
 x - a +0 pair of boots (worn)
 I - cursed +0 gold dragon scales (worn)
 R - a +4 chain mail of poison resistance
Jewellery
 a - an uncursed ring of positive energy
 s - a cursed ring of teleportation (left hand)
 z - an uncursed ring of fire
 N - a +6 ring of protection (right hand)
 O - an amulet of faith (around neck)
 S - an uncursed amulet of regeneration
 T - an uncursed ring of magical power
 W - an uncursed ring of flight
Wands
 y - a wand of confusion (19/48)
 B - a wand of flame (10/48)
 D - a wand of polymorph (16/24)
 E - a wand of enslavement (12/24)
 G - a wand of confusion (28/48)
 H - a wand of confusion (24/48)
 U - a wand of acid (4/15)
 V - a wand of lightning (7/15)
Scrolls
 b - 4 scrolls of noise
 e - a scroll of blinking {unknown}
 o - a scroll of immolation {unknown}
 q - a scroll of brand weapon {unknown}
 t - a scroll of fog {unknown}
 w - 5 scrolls of teleportation
 A - 3 scrolls of amnesia {unknown}
 F - 2 scrolls of fear {unknown}
 K - a scroll of identify
 L - a scroll of enchant weapon {unknown}
 M - 4 scrolls of recharging {unknown}
 Q - 2 scrolls of magic mapping {unknown}
 Y - a scroll of silence {unknown}
Potions
 d - 2 potions of might
 h - 7 potions of curing
 j - 5 potions of flight
 k - 7 potions of heal wounds
 l - 2 potions of invisibility
 m - a potion of lignification
 p - 2 potions of haste
 J - a potion of resistance
 P - a potion of brilliance
Comestibles
 f - 10 bread rations
 g - 6 meat rations
 i - 8 beef jerkies
 n - 4 fruits
 X - 8 chunks of flesh


   Skills:
 + Level 12.8 Fighting
   Level 10.1 Long Blades
 - Level 11.5 Armour
 - Level 10.0 Dodging
 - Level 13.2(15.1) Shields


You had 11 spell levels left.
You didn't know any spells.

Dungeon Overview and Level Annotations

Branches:
Dungeon (13/15)            Temple (1/1) D:5            Lair (0/6) D:11
    Orc (0/2) D:11
 Vaults: D:13-14

Altars:
Ashenzari
Cheibriados
Dithmenos
Elyvilon
Fedhas
Gozag
Nemelex Xobeh
Trog
Xom
The Shining One

Shops:
D:7 *   D:8 }   D:10 [


Innate Abilities, Weirdness & Mutations

You reflexively headbutt those who attack you in melee.
You have a pair of horns on your head.
You are partially covered in thin metallic scales. (AC +2)
You are agile. (Dex +2)
Your mind is acute. (Int +2)
Your spells are a little harder to cast, but a little more powerful.


Message History

The titanic slime creature is moderately wounded.
The slime creature misses you. You furiously retaliate!
You headbutt the slime creature. You hit the titanic slime creature.
The titanic slime creature is moderately wounded.
The titanic slime creature hits you but does no damage.
The slime creature hits you!
You impale the titanic slime creature!!
Your headbutt misses the titanic slime creature.
The titanic slime creature is moderately wounded.
A titanic slime creature splits.
You block the slime creature's attack.
Two slime creatures merge to form an enormous slime creature.
You block the large slime creature's attack.
A large slime creature splits.
You puncture the slime creature!
Your weapon exudes an aura of protection.
You headbutt the slime creature!
The slime creature is heavily wounded.
The slime creature hits you! The enormous slime creature hits you!!!
You die...

.# #..# #####.(#.#.### #...#
.# #.#####.....#.###..#
#.##### .# #.#
#.....#..#.#.#.# #...... .#
#.###.###.##....##.###########
.# #..(..# #.....#.##.......#
#
.###.###(###.#####.##.#####.#
# #....# #.....# #.##.# * #
.###.#####.#######.##.# , #
.........<.....J@..##.#
#.#####
.###...........JJ.....#
#......
......#.##.##########.#
####### #######.##.#
#.########### #.##.#
#............ #....#
############# ######


You could see an enormous slime creature and 2 slime creatures.

Vanquished Creatures
  A minotaur (Lab)
  3 hydras
  A death yak (D:11)
  3 centaur warriors
  3 hill giants
  An ugly thing (D:12)
  A manticore (D:12)
  2 cyclopes (D:13)
  An elephant (D:11)
  Joseph (D:9)
  2 centaur skeletons (D:13)
  An efreet (D:13)
  A minotaur skeleton (Lab)
  2 two-headed ogres
  3 trolls
  A meliai (D:12)
  A hornet (D:13)
  2 hippogriffs
  8 slime creatures (D:13)
  Sigmund (D:6)
  The ghost of Gottschkopf the Skirmisher, an amateur MiFi (D:4)
  14 yaks
  A wyvern (D:12)
  Eustachio (D:6)
  A basilisk (Lab)
  A hungry ghost (D:12)
  Edmund (D:6)
  Menkaure (D:6)
  2 vampire mosquitoes (D:12)
  A soldier ant (D:9)
  A water moccasin (D:5)
  6 orc warriors
  2 black bears (D:7)
  2 ice beasts
  A black bear (shapeshifter) (D:12)
  An ice beast (shapeshifter) (D:12)
  A necrophage (D:9)
  2 sky beasts
  An eye of draining (D:12)
  8 ogres
  A phantom (D:9)
  7 centaurs
  A crocodile (D:11)
  2 big kobolds
  Blork the orc (D:6)
  4 bullfrogs
  A water moccasin zombie (D:5)
  A wyvern zombie (D:7)
  8 scorpions
  4 wights (D:6)
  6 killer bees (D:12)
  6 howler monkeys
  2 crimson imps
  3 bullfrog zombies
  9 hounds
  A quasit (D:11)
  7 orc priests
  5 jellies
  11 orc wizards
  3 bullfrog skeletons
  3 iguanas
  Natasha (twice) (D:3)
  11 worker ants
  2 hound zombies
  A worker ant zombie (D:9)
  4 gnolls (D:7)
  A howler monkey skeleton (D:8)
  12 adders
  4 shadow imps
  An ooze (D:7)
  An adder zombie (D:7)
  An adder skeleton (D:4)
  4 worms
  2 dart slugs
  4 leopard geckos
  70 orcs
  2 ball pythons
  3 bats
  4 giant cockroaches
  5 goblins
  9 hobgoblins
  5 jackals
  4 quokkas
  10 frilled lizards
  19 kobolds
  A leopard gecko skeleton (D:4)
  2 quokka skeletons
  7 rats
365 creatures vanquished.

Notes
Turn   | Place    | Note
-------+----------+-------------------------------------------
     0 | D:1      | Gottschkopf the Minotaur Fighter began the quest for the Orb.
     0 | D:1      | Reached XP level 1. HP: 19/19 MP: 0/0
   184 | D:1      | Reached XP level 2. HP: 28/28 MP: 1/1
   619 | D:2      | Reached skill level 5 in Fighting
   771 | D:2      | Reached XP level 3. HP: 36/36 MP: 2/2
  1238 | D:2      | Reached XP level 4. HP: 42/44 MP: 3/3
  1485 | D:2      | Found a bloodstained altar of Trog.
  1768 | D:3      | Found a shattered altar of Ashenzari.
  1892 | D:3      | Noticed Natasha
  1895 | D:3      | Killed Natasha
  1918 | D:3      | Noticed Natasha
  1935 | D:3      | Reached XP level 5. HP: 26/52 MP: 4/4
  2471 | D:3      | Killed Natasha
  2477 | D:3      | Became a worshipper of Ashenzari the Shackled
  2792 | D:4      | Found a shimmering altar of Xom.
  2792 | D:4      | Found a white marble altar of Elyvilon.
  2838 | D:4      | Reached XP level 6. HP: 23/61 MP: 5/5
  2897 | D:4      | Noticed Gottschkopf's ghost (amateur MiFi)
  3049 | D:4      | Killed Gottschkopf's ghost
  3202 | D:4      | Found a shadowy altar of Dithmenos.
  3261 | D:4      | Reached XP level 7. HP: 67/70 MP: 6/6
  3313 | D:4      | Found a blossoming altar of Fedhas.
  3330 | D:4      | Got the rapier "Paf Ijeps" {protect, *Slow rC++ Str+8 Stlth+}
  3331 | D:4      | Identified the +4 rapier "Paf Ijeps" {protect, *Slow rC++ Str+8 Stlth+} (You found it on level 4 of the Dungeon)
  3455 | D:5      | Entered Level 5 of the Dungeon
  3613 | D:5      | Reached skill level 10 in Fighting
  3807 | D:5      | Found a staircase to the Ecumenical Temple.
  3818 | Temple   | Entered the Ecumenical Temple
  3853 | D:5      | Reached skill level 5 in Long Blades
  3934 | D:5      | Found a glowing golden altar of the Shining One.
  4337 | D:6      | Reached * piety under Ashenzari
  4342 | D:6      | Noticed Menkaure
  4344 | D:6      | Killed Menkaure
  4344 | D:6      | Reached XP level 8. HP: 75/79 MP: 7/7
  4362 | D:6      | Noticed Eustachio
  4392 | D:6      | Killed Eustachio
  4424 | D:6      | Noticed Edmund
  4442 | D:6      | Killed Edmund
  4499 | D:6      | Noticed Blork the orc
  4507 | D:6      | Killed Blork the orc
  4593 | D:6      | Reached skill level 10 in Long Blades
  4821 | D:6      | Reached skill level 4 in Shields
  4987 | D:6      | Reached skill level 5 in Shields
  4987 | D:6      | Reached XP level 9. HP: 85/85 MP: 8/8
  5007 | D:6      | Noticed Sigmund
  5013 | D:6      | Killed Sigmund
  5034 | D:6      | Reached skill level 6 in Shields
  5150 | D:7      | Identified the cursed +1 robe of Chimes {Stlth+}
  5181 | D:7      | Reached skill level 7 in Shields
  5182 | D:7      | Found Gaiz Aru's General Store.
  5290 | D:7      | Reached skill level 8 in Shields
  5474 | D:7      | Gained mutation: You are agile. (Dex +2) [potion of mutation]
  5474 | D:7      | Gained mutation: Your spells are a little harder to cast, but a little more powerful. [potion of mutation]
  5474 | D:7      | Gained mutation: Your mind is acute. (Int +2) [potion of mutation]
  5546 | D:7      | Reached skill level 5 in Armour
  5610 | D:7      | Found a shadowy altar of Dithmenos.
  5850 | D:8      | Found a sparkling altar of Nemelex Xobeh.
  5855 | D:8      | Found Latakun's Gadget Shop.
  5963 | D:8      | Reached ** piety under Ashenzari
  6118 | D:8      | Found an opulent altar of Gozag.
  6145 | D:8      | Reached XP level 10. HP: 93/93 MP: 9/9
  6161 | D:8      | Found a snail-covered altar of Cheibriados.
  6385 | D:9      | Reached skill level 10 in Armour
  6531 | D:9      | Noticed Joseph
  6560 | D:9      | Killed Joseph
  7148 | D:9      | Reached skill level 9 in Shields
  7415 | D:10     | Entered Level 10 of the Dungeon
  7415 | D:10     | Found Doesk's Antique Armour Emporium.
  7515 | D:11     | Reached skill level 10 in Shields
  7601 | D:11     | Noticed a hill giant
  7607 | D:11     | Reached XP level 11. HP: 70/99 MP: 10/10
  7621 | D:11     | Killed a hill giant
  7621 | D:11     | Reached skill level 11 in Shields
  7803 | D:11     | Found a staircase to the Orcish Mines.
  7864 | D:11     | Noticed a seven-headed hydra
  7877 | D:11     | Killed a seven-headed hydra
  7877 | D:11     | Reached skill level 12 in Shields
  8237 | D:11     | Reached *** piety under Ashenzari
  8376 | D:11     | Noticed a death yak
  8396 | D:11     | Killed a death yak
  8400 | D:11     | Reached skill level 13 in Shields
  8531 | D:11     | Found a staircase to the Lair.
  8801 | D:12     | Noticed a hill giant
  8815 | D:12     | Killed a hill giant
  8963 | D:12     | Noticed a white ugly thing
  8979 | D:12     | Killed a white ugly thing
  9314 | D:12     | Noticed a centaur warrior
  9322 | D:12     | Killed a centaur warrior
  9322 | D:12     | Reached skill level 5 in Dodging
  9517 | D:12     | Noticed a seven-headed hydra
  9537 | D:12     | Killed a seven-headed hydra
  9824 | D:12     | Reached XP level 12. HP: 102/106 MP: 11/11
  9885 | D:12     | Gained mutation: You are partially covered in thin metallic scales. (AC +2) [mutagenic meat]
  9897 | D:12     | Noticed a four-headed hydra
  9908 | D:12     | Killed a four-headed hydra
 10019 | D:13     | Found a labyrinth entrance.
 10046 | Lab      | Entered a labyrinth
 10452 | Lab      | Reached **** piety under Ashenzari
 11118 | Lab      | Noticed a minotaur
 11124 | Lab      | Killed a minotaur
 11240 | D:13     | Reached skill level 10 in Dodging
 11539 | D:13     | Noticed a centaur warrior
 11546 | D:13     | Killed a centaur warrior
 11915 | D:13     | Noticed a centaur warrior
 11931 | D:13     | Killed a centaur warrior
 12103 | D:13     | Slain by an enormous slime creature

Skill      XL: |  1  2  3  4  5  6  7  8  9 10 11 12 |
---------------+-------------------------------------+-----
Fighting       | 4 5 6 7 8 9 10 12 | 12.8
Long Blades    | 6 10 | 10.1
Shields        | 5 8 10 13 | 13.2
Armour         | 8 11 | 11.5
Dodging        | 7 10 | 10.0

Action                   |  1- 3 |  4- 6 |  7- 9 | 10-12 || total
-------------------------+-------+-------+-------+-------++-------
Melee: Long sword        |    90 |   155 |       |       ||   245
       Headbutt          |     8 |    30 |    90 |   269 ||   397
       Rapier            |       |       |   306 |   716 ||  1022
Invok: Curse Item        |       |     2 |     1 |     1 ||     4
       Scrying           |       |       |       |     2 ||     2
  Use: Scroll            |       |     3 |     9 |     4 ||    16
       Potion            |       |       |     1 |       ||     1
  Eat: Chunk             |     1 |     7 |    10 |    16 ||    34
       Meat ration       |       |       |       |     1 ||     1
       Pizza             |       |       |       |     1 ||     1
Armor: Scale mail        |    44 |    38 |       |       ||    82
       Plate armour      |       |    29 |   182 |    40 ||   251
       Gold dragon scale |       |       |       |   295 ||   295
Dodge: Dodged            |    28 |    27 |    55 |   153 ||   263
Block: Shield            |    42 |    78 |   154 |   456 ||   730
       Rpst.: Long sword |     9 |     8 |       |       ||    17
